 Dungeon Crawl Stone Soup version 0.29-a0-994-gc5c9f59d18 (webtiles) character file.

Game seed: 10556185773146694723

8270 drugrobin the Severer (level 10, -1/80 HPs)
             Began as a Demigod Fighter on Aug 3, 2022.
             Slain by a komodo dragon (19 damage)
             ... on level 10 of the Dungeon.
             The game lasted 00:36:55 (13622 turns).

drugrobin the Severer (Demigod Fighter)            Turns: 13622, Time: 00:36:56

Health: -1/80      AC: 16    Str: 29    XL:     10   Next: 80%
Magic:  13/13      EV:  8    Int: 10    God:
Gold:   173        SH:  4    Dex: 13    Spells: 9/9 levels left

rFire   . . .      SeeInvis +   a - +0 war axe
rCold   . . .      Faith    .   c - +0 buckler
rNeg    . . .      Spirit   .   y - +4 chain mail
rPois   .          Reflect  .   (no helmet)
rElec   .          Harm     .   (no cloak)
rCorr   .          Rampage  .   r - +0 pair of gloves
Will    +....                   l - +1 pair of boots
Stlth   ..........              (no amulet)
HPRegen 0.23/turn               n - ring of see invisible
MPRegen 0.13/turn               N - ring of wizardry

@: no status effects
A: high MP 1, forlorn, divine attributes
a: no special abilities


You were on level 10 of the Dungeon.
You visited 1 branch of the dungeon, and saw 10 of its levels.
You also visited: Sewer and Ossuary.

You collected 629 gold pieces.
You spent 456 gold pieces at shops.

Inventory:

Hand Weapons
 a - a +0 war axe (weapon)
 j - a +0 trident of pain
 R - a +3 scimitar of flaming
Missiles
 z - 6 boomerangs (quivered)
 B - 16 poisoned darts
 D - 3 javelins
Armour
 c - a +0 buckler (worn)
 l - a +1 pair of boots (worn)
 r - a +0 pair of gloves (worn)
 y - a +4 chain mail (worn)
Jewellery
 d - a ring of magical power
 n - a ring of see invisible (left hand)
 w - a +6 ring of intelligence
 G - a ring of resist corrosion
 L - a ring of poison resistance
 N - a ring of wizardry (right hand)
Wands
 u - a wand of polymorph (5)
 x - a wand of roots (8)
 Q - a wand of digging (5)
Scrolls
 f - 3 scrolls of enchant armour
 g - 5 scrolls of identify
 h - 4 scrolls of immolation
 o - 4 scrolls of teleportation
 p - 2 scrolls of silence
 s - 2 scrolls of amnesia
 v - 2 scrolls of blinking
 C - 4 scrolls of poison
 F - 3 scrolls of enchant weapon
 H - a scroll of magic mapping
 K - 2 scrolls of vulnerability
 P - a scroll of fear
Potions
 e - a potion of magic {unknown}
 i - a potion of invisibility {unknown}
 k - 3 potions of mutation {unknown}
 m - 4 potions of attraction
 q - a potion of heal wounds {unknown}
 t - 4 potions of curing
 A - 3 potions of degeneration {unknown}
 E - 6 potions of flight
 I - a potion of cancellation {unknown}
 J - 2 potions of ambrosia
 O - a potion of brilliance {unknown}
Miscellaneous
 M - a tin of tremorstones (2/2)


   Skills:
 - Level 4.9 Fighting
 * Level 15.1 Axes
 - Level 2.6 Armour
 - Level 2.6 Shields


You had 9 spell levels left.
You didn't know any spells.
Your spell library contained the following spells:

 Spells                   Type           Power      Damage    Failure   Level
 Apportation              Tloc           0%         N/A       69%         1
 Shock                    Conj/Air       0%         1d3       69%         1
 Gell's Gravitas          Tloc           0%         N/A       96%         3
 Swiftness                Air            0%         N/A       96%         3
 Teleport Other           Tloc           0%         N/A       96%         3
 Airstrike                Air            0%         2d(0-16)  100%        4
 Alistair's Intoxication  Tmut/Pois      0%         N/A       100%        5
 Dispersal                Tloc           0%         N/A       100%        6


Dungeon Overview and Level Annotations

Branches:
Dungeon (10/15)            Temple (0/1) D:7            Lair (0/5) D:8
  Sewer (visited)         Ossuary (visited)
    Orc: D:9-12

Shops:
D:2 *


Innate Abilities, Weirdness & Mutations

You have an increased reservoir of magic. (+10% MP)
You shall have no god before yourself.
Your divine heritage dramatically boosts your attributes as you level up.


Message History

a +0 flail; an orc corpse Could not explore, unopened door.
You open the door.
A komodo dragon comes into view.
The komodo dragon hisses angrily.
Aiming: Bolt of Light
Press: ? - help, Shift-Dir - straight line, f - komodo dragon
Aim: a komodo dragon (79% to hit)
The bolt of light hits the komodo dragon.
The komodo dragon is lightly wounded.
The komodo dragon is blinded.
The now-empty wand crumbles to dust.
Unknown command.
Unknown command.
Unknown command.
You barely miss the komodo dragon.
The komodo dragon is lightly wounded.
The komodo dragon bites you.
You hit the komodo dragon but do no damage.
The komodo dragon is lightly wounded.
The komodo dragon bites you!
You hit the komodo dragon.
The komodo dragon is lightly wounded.
The komodo dragon bites you!!
You slash the komodo dragon!
The komodo dragon is moderately wounded.
The komodo dragon bites you!!
* * * LOW HITPOINT WARNING * * *
You closely miss the komodo dragon.
The komodo dragon is moderately wounded.
Unknown command.
Unknown command.
You slash the komodo dragon!
The komodo dragon is heavily wounded.
The komodo dragon barely misses you.
Unknown command.
Unknown command.
You hit the komodo dragon.
The komodo dragon is severely wounded.
The komodo dragon bites you!!
You die...

####.....#...##...#........#
.........#...##...#........#
.........#........#........#
.........#........#........#
.........#........#........#
.........#........#........#
.........#........#........#
.........##########........#
...........†.)).@l...##'###...
........##.##).......# ...
##+#..####.####......# ...#
...'.##.......##.....# ...+
....##.........##....# ...#
...##...........#....# ####
#.'##....###....######
[..##...##y##...#
...'#....###†...#


You could see a komodo dragon (blind).

Vanquished Creatures
  Erica (D:10)
  The ghost of Aneyh the Carver, a novice TeMo (D:4)
  Psyche (D:9)
  A komodo dragon (D:8)
  Prince Ribbit (D:9)
  A shadow (D:10)
  A wraith (Ossuary)
  3 wyverns
  10 yaks
  A vampire (D:8)
  A steam dragon (D:8)
  Menkaure (D:5)
  2 water moccasins
  3 orc warriors
  An ice beast (D:8)
  An ogre (D:5)
  2 centaurs
  A necrophage (D:4)
  6 bullfrogs
  5 scorpions
  26 killer bees
  3 howler monkeys (D:8)
  3 jellies
  6 orc priests
  2 hounds
  6 iguanas
  A merfolk siren (Sewer)
  9 orc wizards
  A merfolk avatar (Sewer)
  A mummy (Ossuary)
  4 gnolls (D:2)
  11 adders
  6 river rats
  A shadow imp (D:7)
  A white imp (D:5)
  2 ufetubi
  8 worms
  38 orcs
  12 endoplasms
  4 giant cockroaches
  11 hobgoblins
  5 jackals
  8 quokkas
  13 ball pythons
  5 bats
  14 frilled lizards
  5 gnoll skeletons (Ossuary)
  4 goblins
  A goblin zombie (D:7)
  7 kobolds
  6 kobold skeletons (Ossuary)
  14 orc skeletons (Ossuary)
  31 rats
  A rat zombie (D:7)
314 creatures vanquished.

Vanquished Creatures (others)
  An orc wizard (D:8)
  8 plants (D:8)
9 creatures vanquished.

Grand Total: 323 creatures vanquished

Notes
Turn   | Place    | Note
-------+----------+-------------------------------------------
     0 | D:1      | drugrobin the Demigod Fighter began the quest for the Orb.
     0 | D:1      | Reached XP level 1. HP: 18/18 MP: 3/3
   193 | D:1      | Reached skill level 2 in Axes
   397 | D:1      | Reached XP level 2. HP: 12/25 MP: 4/4
  1049 | D:1      | Reached XP level 3. HP: 29/31 MP: 5/5
  1169 | D:1      | Reached skill level 3 in Axes
  1704 | D:2      | Found Beorar's General Store.
  1718 | D:2      | Bought a scroll of noise for 11 gold pieces
  1718 | D:2      | Bought a scroll of teleportation for 33 gold pieces
  1718 | D:2      | Bought a scroll of identify for 22 gold pieces
  1718 | D:2      | Bought a scroll of identify for 22 gold pieces
  1809 | D:2      | Reached XP level 4. HP: 30/38 MP: 6/6
  2524 | D:3      | Reached skill level 4 in Axes
  2649 | D:3      | Reached XP level 5. HP: 6/46 MP: 7/7
  4440 | D:4      | Reached skill level 5 in Axes
  4513 | D:4      | Found a transporter.
  4517 | D:4      | Noticed Aneyh's ghost (novice TeMo)
  4551 | D:4      | Found a transporter.
  4661 | D:4      | Reached XP level 6. HP: 48/52 MP: 8/8
  4963 | D:5      | Entered Level 5 of the Dungeon
  4963 | D:5      | Noticed Menkaure
  5038 | D:5      | Noticed a water moccasin
  5058 | D:5      | Killed a water moccasin
  5310 | D:5      | Reached skill level 6 in Axes
  5431 | D:4      | Reached XP level 7. HP: 53/60 MP: 9/9
  6044 | D:5      | Reached skill level 7 in Axes
  6072 | D:5      | Killed Menkaure
  6247 | D:6      | Found a glowing drain.
  6266 | Sewer    | Entered a sewer
  6275 | Sewer    | Reached skill level 8 in Axes
  6493 | Sewer    | Reached XP level 8. HP: 62/67 MP: 10/10
  6914 | D:6      | Reached skill level 9 in Axes
  7540 | D:7      | Found a staircase to the Ecumenical Temple.
  7642 | D:7      | Reached skill level 10 in Axes
  7771 | D:7      | Found a sand-covered staircase.
  7778 | Ossuary  | Entered an ossuary
  9072 | D:7      | Reached XP level 9. HP: 17/73 MP: 11/11
  9460 | D:2      | Bought a ring of poison resistance for 220 gold pieces
  9460 | D:2      | Bought a potion of lignification for 33 gold pieces
  9460 | D:2      | Bought a potion of flight for 33 gold pieces
  9460 | D:2      | Bought a scroll of blinking for 82 gold pieces
  9558 | D:4      | Killed Aneyh's ghost
  9559 | D:4      | Reached skill level 11 in Axes
  9952 | D:8      | Found a staircase to the Lair.
  9953 | D:8      | Noticed a komodo dragon
 10143 | D:8      | Reached skill level 12 in Axes
 11508 | D:8      | Killed a komodo dragon
 11509 | D:8      | Reached skill level 13 in Axes
 11802 | D:9      | Reached XP level 10. HP: 64/80 MP: 13/13
 12102 | D:9      | Noticed Psyche
 12108 | D:9      | Killed Psyche
 12147 | D:9      | Reached skill level 14 in Axes
 12210 | D:9      | Noticed Prince Ribbit
 12239 | D:9      | Killed Prince Ribbit
 12773 | D:10     | Entered Level 10 of the Dungeon
 13317 | D:10     | Noticed Erica
 13328 | D:10     | Killed Erica
 13329 | D:10     | Reached skill level 15 in Axes
 13456 | D:10     | Noticed a moth of wrath
 13622 | D:10     | Slain by a komodo dragon

Illustrated notes

Levels and vault maps discovered:
D:1:      sevenhm_arrival_forest_fort_large_2, layout_basic,
          hellmonk_ecumenical_altar_blasted
D:2:      layout_basic, basic_altar, serial_shops, shop_statue
D:3:      minmay_door_path, layout_loops_ring, gammafunk_temple_overflow_pools,
          minmay_misc_feat_roman
D:4:      layout_basic, gammafunk_ghost_arena
D:5:      layout_basic, minmay_misc_feat_tiny, uniq_menkaure
D:6:      layout_basic, nicolae_dithmenos_the_darkroom,
          lightli_sewer_entry_pipes
D:7:      layout_gridville, chei_slow_surprise, minmay_temple_entry_overgrown,
          enter_ossuary_4
D:8:      layout_basic, nicolae_overflow_hidden_temple, david_lair_shrubbed
D:9:      layout_cave_pools, grunt_gozag_statues, uniq_prince_ribbit1,
          uniq_psyche
D:10:     layout_gridville, tgw_trog, uniq_erica

Skill      XL: |  1  2  3  4  5  6  7  8  9 10 |
---------------+-------------------------------+-----
Axes           | 2 3 4 5 6 8 10 13 15 | 15.1
Fighting       | 3 4 |  4.9
Armour         | |  2.6
Shields        | |  2.6

Action                   |  1- 3 |  4- 6 |  7- 9 | 10-12 || total
-------------------------+-------+-------+-------+-------++-------
Melee: War axe           |   150 |   215 |   512 |   191 ||  1068
Throw: Boomerang         |       |     1 |    32 |    12 ||    45
       Throwing net      |       |     1 |       |       ||     1
       Dart              |       |       |     4 |       ||     4
Evoke: Wand              |       |     1 |    13 |     8 ||    22
  Use: Potion            |       |       |     8 |       ||     8
       Scroll            |       |       |    10 |       ||    10
 Stab: Invisible         |       |       |     6 |     6 ||    12
Armor: Scale mail        |    75 |    49 |       |       ||   124
       Chain mail        |       |    47 |   326 |   102 ||   475
       Skin              |       |     1 |     3 |       ||     4
Dodge: Dodged            |    60 |    59 |   178 |    59 ||   356
Block: Buckler           |    33 |    50 |   116 |    26 ||   225

Table legend: (Time is in decaauts)
 A = Elapsed time spent in this place.
 B = Non-inter-level travel time spent in this place.
 C = Inter-level travel time spent in this place.
 D = Time resting spent in this place.
 E = Time spent auto-exploring this place.
 F = Levels seen in this place.
 G = Mean time per level.
                   A        B        C        D        E       F      G
               +--------+--------+--------+--------+--------+-----+--------+
         Total |  13881 |  13074 |    807 |   2725 |   6609 |  12 | 1156.8 |
       Dungeon |  12485 |  11678 |    807 |   2232 |   6378 |  10 | 1248.5 |
         Sewer |    521 |    521 |      0 |      4 |    193 |   1 |  521.0 |
       Ossuary |    874 |    874 |      0 |    489 |     37 |   1 |  874.0 |
               +--------+--------+--------+--------+--------+-----+--------+

Top non-repeatable levels by time:
     D:8: 1603 daAuts
     D:2: 1474 daAuts
     D:7: 1408 daAuts
     D:4: 1402 daAuts
     D:1: 1284 daAuts
     D:3: 1267 daAuts
     D:5: 1207 daAuts
     D:9: 1176 daAuts
     D:6: 1106 daAuts
 Ossuary: 874 daAuts
    D:10: 555 daAuts
   Sewer: 521 daAuts
